 Dungeon Crawl Stone Soup version 0.29.1-15-g9cfb28693d (webtiles) character file.

Game seed: 2858271929424094757

130 Alturiack the Ducker (level 4, -2/21 HPs)
             Began as a Spriggan Venom Mage on Apr 11, 2023.
             Killed from afar by an orc wizard (5 damage)
             ... with a magic dart
             ... on level 4 of the Dungeon.
             The game lasted 00:13:40 (4340 turns).

Alturiack the Ducker (Spriggan Venom Mage)          Turns: 4340, Time: 00:13:41

Health: -2/21      AC:  2    Str: 10    XL:     4   Next: 89%
Magic:  4/11       EV: 18    Int: 18    God:
Gold:   124        SH:  0    Dex: 15    Spells: 8/11 levels left

rFire   . . .      SeeInvis +   t - +0 sling
rCold   . . .      Faith    .   (no shield)
rNeg    . . .      Spirit   .   a - +0 robe
rPois   +          Reflect  .   (helmet restricted)
rElec   .          Harm     .   (no cloak)
rCorr   .          Rampage  .   (gloves unavailable)
Will    .....                   (boots unavailable)
Stlth   ++........              (no amulet)
HPRegen 0.07/turn               h - ring of poison resistance
MPRegen 0.12/turn               k - +6 ring of strength

@: very quick
A: very small, no large weapons, unfitting armour, see invisible, speed 3
a: no special abilities


You were on level 4 of the Dungeon.
You visited 1 branch of the dungeon, and saw 4 of its levels.

You collected 164 gold pieces.
You spent 40 gold pieces at shops.

Inventory:

Hand Weapons
 t - a +0 sling (weapon)
Missiles
 r - a throwing net
Armour
 a - a +0 robe (worn)
Jewellery
 h - a ring of poison resistance (left hand)
 k - a +6 ring of strength (right hand)
Wands
 y - a wand of flame (9)
Scrolls
 e - 2 scrolls of amnesia {unknown}
 f - 6 scrolls of identify
 g - 2 scrolls of magic mapping
 i - a scroll of brand weapon {unknown}
 j - 2 scrolls of fog {unknown}
 m - a scroll of enchant armour {unknown}
 q - a scroll of enchant weapon {unknown}
 u - a scroll of noise {unknown}
 x - a scroll of vulnerability {unknown}
Potions
 b - a potion of magic
 c - a potion of cancellation {unknown}
 d - 5 potions of heal wounds
 l - a potion of brilliance {unknown}
 n - 4 potions of curing {unknown}
 o - 2 potions of attraction {unknown}
 p - 3 potions of mutation {unknown}
 s - a potion of flight {unknown}
 v - a potion of degeneration {unknown}
 w - a potion of invisibility {unknown}


   Skills:
 * Level 0.7 Ranged Weapons
 + Level 4.4 Dodging
 - Level 3.0 Stealth
 + Level 4.1 Spellcasting
 - Level 1.3 Transmutations
 + Level 4.0 Poison Magic


You had 8 spell levels left.
You knew the following spells:

 Your Spells              Type           Power      Damage    Failure   Level
a - Sting                 Tmut/Pois      52%        1d5       4%          1
b - Poisonous Vapours     Pois/Air       20%        N/A       10%         2

Your spell library contained the following spells:

 Spells                   Type           Power      Damage    Failure   Level
 Wereblood                Tmut           8%         N/A       13%         2
 Sublimation of Blood     Necr           3%         N/A       22%         2
 Mephitic Cloud           Conj/Pois/Air  8%         N/A       26%         3
 Olgreb's Toxic Radiance  Pois           18%        N/A       28%         4
 Summon Hydra             Summ           1%         N/A       100%        7


Dungeon Overview and Level Annotations

Branches:
Dungeon (4/15)
 Temple: D:4-7

Altars:

Shops:
D:2 :?[*


Innate Abilities, Weirdness & Mutations

You are very small and have problems with some larger weapons.
You are too small for most types of armour.
You have supernaturally acute eyesight. (SInv)
You cover ground extremely quickly. (Speed+++)


Message History

An orc priest comes into view. It is wielding a +0 hand axe.
Casting: Poisonous Vapours (safe; 10% risk of failure)
Confirm with . or Enter, or press ? or * to list all spells.
Aiming: Poisonous Vapours (safe; 10% risk of failure)
Press: ? - help, Dir - move target, f/p - orc wizard
Aim: an orc wizard, wielding a +0 dagger and wearing a +0 robe (lightly wounded, poisoned)
You miscast Poisonous Vapours.
You are very lightly contaminated with residual magic.
Nothing appears to happen.
The orc priest shouts!
The orc wizard casts a spell at you. The puff of flame misses you.
An orc priest comes into view. It is wielding a +0 whip.
Your magical contamination has completely faded away.
Casting: Poisonous Vapours (safe; 10% risk of failure)
Confirm with . or Enter, or press ? or * to list all spells.
You can't see any susceptible monsters within range! (Use Z to cast anyway.)
Casting: Poisonous Vapours (safe; 10% risk of failure)
Confirm with . or Enter, or press ? or * to list all spells.
Aiming: Poisonous Vapours (safe; 10% risk of failure)
Press: ? - help, Dir - move target, f/p - orc wizard
Aim: an orc wizard, wielding a +0 dagger and wearing a +0 robe (severely wounded) Poisonous vapours surround the orc wizard!
The orc wizard is poisoned.
The orc priest calls down the wrath of Beogh upon you.
Beogh smites you!
Ouch! That really hurt!
* * * LOW HITPOINT WARNING * * *
The orc wizard mumbles some strange words.
The orc wizard flickers and vanishes for a moment.
Casting: Poisonous Vapours (safe; 10% risk of failure)
Confirm with . or Enter, or press ? or * to list all spells.
Aiming: Poisonous Vapours (safe; 10% risk of failure)
Press: ? - help, Dir - move target, f/p - orc wizard
Aim: an orc wizard, wielding a +0 dagger and wearing a +0 robe (severely wounded, slightly transparent, poisoned) Poisonous vapours surround the orc wizard!
The orc wizard looks even sicker.
The orc wizard gestures at you while chanting.
The magic dart hits you.
You die...

#....## #..#..
#.....# ...##.#
###...###......##
#.....o.# #...#
###.......####....
#.##..o...#......#
###................#
#.............##....
###@.#........##...#
#.##...#.......###
###...####......#
#....# ###..#..#
###.## ###.... ###
##..# #### # ##


You could see an orc priest and an orc wizard (invisible, very poisoned).

Vanquished Creatures
  An orc wizard (D:3)
  3 adders
  2 worms
  A dart slug (D:2)
  2 orcs (D:3)
  8 ball pythons
  6 endoplasms
  3 giant cockroaches
  4 goblins
  4 hobgoblins (D:1)
  3 jackals (D:4)
  5 kobolds
  4 quokkas
  5 bats
  6 frilled lizards
  10 rats
67 creatures vanquished.

Notes
Turn   | Place    | Note
-------+----------+-------------------------------------------
     0 | D:1      | Alturiack the Spriggan Venom Mage began the quest for the
                  | Orb.
     0 | D:1      | Reached XP level 1. HP: 9/9 MP: 5/5
   182 | D:1      | Reached XP level 2. HP: 13/13 MP: 4/7
   711 | D:1      | Found a faded altar of an unknown god.
  1163 | D:1      | Reached XP level 3. HP: 16/16 MP: 4/8
  1708 | D:2      | Found Yfiol's Assorted Antiques.
  1813 | D:2      | Found Emijypos's Magic Scroll Shop.
  1822 | D:2      | Bought a scroll of identify for 20 gold pieces
  1822 | D:2      | Bought a scroll of identify for 20 gold pieces
  2142 | D:2      | Found Wusar's Antique Armour Shop.
  2352 | D:2      | Reached XP level 4. HP: 21/21 MP: 6/10
  2405 | D:2      | Found Waqufas's Book Emporium.
  3024 | D:3      | Learned a level 2 spell: Poisonous Vapours
  4340 | D:4      | Killed from afar by an orc wizard

Illustrated notes

Levels and vault maps discovered:
D:1:      doesnt_arrival_eight_statues, layout_basic,
          hellmonk_ecumenical_altar_slurped_away
D:2:      layout_basic, serial_shops, shop, nicolae_shop_trees, shop,
          nicolae_shop_behind_doors, chequers_serial_rivers_small_b
D:3:      layout_loops_ring
D:4:      layout_cave_pools

Skill      XL: |  1  2  3  4 |
---------------+-------------+-----
Dodging        | 3 4 |  4.4
Spellcasting   | 3 4 |  4.1
Poison Magic   | 4 |  4.0
Ranged Weapons | |  0.7
Stealth        | |  3.0
Transmutations | |  1.3

Action                   |  1- 3 |  4- 6 || total
-------------------------+-------+-------++-------
 Fire: Sling             |       |    29 ||    29
 Cast: Sting             |    68 |    23 ||    91
       Poisonous Vapours |       |    12 ||    12
  Use: Scroll            |     2 |       ||     2
Armor: Robe              |     4 |     2 ||     6
Dodge: Dodged            |    15 |    22 ||    37
